 Dungeon Crawl Stone Soup version 0.28-a0-178-ga708605c5b (webtiles) character file.

Game seed: 981557367820541399

13145 Smaepdii the Carver (level 12, -16/77 HPs)
             Began as a Djinni Venom Mage on Aug 18, 2021.
             Was a Plaything of Xom.
             Demolished by an ice devil (21 damage)
             ... on level 11 of the Dungeon.
             The game lasted 01:06:31 (11513 turns).

Smaepdii the Carver (Djinni Venom Mage)            Turns: 11513, Time: 01:06:32

Health: -16/77     AC: 11    Str:  5    XL:     12   Next: 29%
Gold:   631        EV: 16    Int: 25    God:    Xom [....*.] SH:  0 Dex: 20

rFire   + . .      SeeInvis .   d - +6 great sword "Goblinbane" {vorpal, rPois Str-2 Int+6 Dex+3}
rCold   . . .      Faith    .   (shield currently unavailable)
rNeg    . . .      Spirit   .   I - +0 troll leather armour
rPois   ∞          Reflect  .   r - +1 helmet
rElec   +          Harm     .   i - +1 cloak
rCorr   +          Rampage  .   n - +2 pair of gloves
Will    +....                   (boots unavailable)
Stlth   ++........              q - amulet of the acrobat
HPRegen 1.22/turn               O - ring of Okawaru's Supremacy {rElec rCorr Slay+4}
MPRegen 0.00/turn               h - ring of ice

@: unable to read, flying
A: sickness immunity, fire resistance 2, cold vulnerability 1, float, innate
caster, hp casting, extra vitality 1, frail 1, inability to read while
threatened
a: Renounce Religion


You were on level 11 of the Dungeon.
You worshipped Xom.
You were a beloved toy of Xom.
You visited 1 branch of the dungeon, and saw 11 of its levels.

You collected 631 gold pieces.

Inventory:

Hand Weapons
 d - the +6 great sword "Goblinbane" (weapon) {vorpal, rPois Str-2 Int+6 Dex+3}
   (You acquired it on level 4 of the Dungeon)

   It inflicts extra damage upon your enemies.
   Str:       It affects your strength (-2).
   Int:       It affects your intelligence (+6).
   Dex:       It affects your dexterity (+3).
   rPois:     It protects you from poison.
 y - the +6 great sword of Autumn {venom, Will+}
   (You found it on level 6 of the Dungeon)

   It poisons the flesh of those it strikes.
   Will:      It increases your willpower.
 G - a +6 scimitar
Armour
 i - a +1 cloak (worn)
 n - a +2 pair of gloves (worn)
 r - a +1 helmet (worn)
 z - +0 acid dragon scales
 F - a +2 robe of willpower
 I - a +0 troll leather armour (worn)
Jewellery
 b - a ring of willpower
 h - a ring of ice (right hand)
 l - a ring of positive energy
 q - an amulet of the acrobat (around neck)
 s - the ring "Ykaidoev" {EV+4 Str+5 Stlth+}
   (You found it on level 5 of the Dungeon)

   [ring of evasion]

   EV:        It affects your evasion (+4).
   Str:       It affects your strength (+5).
   Stlth:     It makes you more stealthy.
 w - a ring of wizardry
 L - a ring of positive energy
 O - the ring of Okawaru's Supremacy (left hand) {rElec rCorr Slay+4}
   (You found it on level 9 of the Dungeon)

   [ring of slaying]

   Slay:      It affects your accuracy & damage with ranged weapons and melee
   (+4).
   rElec:     It insulates you from electricity.
   rCorr:     It protects you from acid and corrosion.
Wands
 m - a wand of iceblast (36)
 p - a wand of flame (44)
 t - a wand of paralysis (33)
 A - a wand of polymorph (10)
 C - a wand of charming (8)
Scrolls
 e - 2 scrolls of fear
 v - 3 scrolls of teleportation
 B - a scroll of fog
 H - 2 scrolls of identify
 J - a scroll of vulnerability
Potions
 a - 4 potions of mutation
 c - 3 potions of attraction {unknown}
 f - 2 potions of might
 g - a potion of curing
 j - a potion of ambrosia {unknown}
 k - 3 potions of lignification {unknown}
 o - 2 potions of resistance {unknown}
 u - a potion of magic {unknown}
 x - a potion of degeneration {unknown}
 D - a potion of berserk rage {unknown}
 E - a potion of flight {unknown}
 K - a potion of haste {unknown}
 N - a potion of experience {unknown}


   Skills:
 + Level 7.8 Fighting
 - Level 2.8(6.6) Short Blades
 * Level 9.4(9.6) Long Blades
 + Level 8.8 Dodging
 - Level 1.5 Stealth
 * Level 9.0 Spellcasting


You had 5 spell levels left.
You knew the following spells:

 Your Spells              Type           Power      Damage    Failure   Level
a - Sting                 Tmut/Pois      100%       1d8       1%          1
b - Poisonous Vapours     Pois/Air       100%       N/A       1%          2
c - Mephitic Cloud        Conj/Pois/Air  54%        N/A       1%          3
d - Olgreb's Toxic Radia  Pois           54%        N/A       2%          4
e - Sandblast             Erth           100%       2d20      1%          1
f - Corpse Rot            Necr/Air       N/A        N/A       1%          2
g - Dazzling Flash        Conj/Hex       100%       N/A       1%          3
h - Airstrike             Air            27%        N/A       2%          4
i - Animate Dead          Necr           27%        N/A       2%          4
Your spell library was empty.

Dungeon Overview and Level Annotations

Branches:
Dungeon (11/15)            Temple (0/1) D:6            Lair (0/6) D:9
    Orc: D:9-12

Altars:
Ashenzari
Cheibriados
Makhleb
Okawaru
Vehumet
Wu Jian
Xom
Zin
The Shining One

Portals:
Ice
Cave: D:11


Innate Abilities, Weirdness & Mutations

You are immune to sickness and miasma.
You are immune to poison.
Your flesh is very heat resistant. (rF++)
You are vulnerable to cold. (rC-)
You float through the air rather than walking.
You learn spells naturally, not from books.
Your magical power is your life essence.
You have superior vitality. (+4 HP)
You are frail. (-10% HP)
You sometimes lose the ability to read scrolls when taking damage.


Message History

The ice devil hits you. The ice devil freezes you!!
You feel threatened and lose the ability to read scrolls!
The shadow barely misses you.
You barely miss the ice devil.
The ice devil is lightly wounded.
The ice devil hits you. The ice devil freezes you!
* * * LOW HITPOINT WARNING * * *
The shadow hits you. The ice devil hits you.
* * * LOW HITPOINT WARNING * * *
The ice devil freezes you!
* * * LOW HITPOINT WARNING * * *
Xom is mildly amused.
You feel better. The shadow barely misses you. The ice devil misses you.
You riposte.
You hit the ice devil.
The ice devil is moderately wounded.
Casting: Olgreb's Toxic Radiance (dangerous; 2% risk of failure)
Confirm with . or Enter, or press ? or * to list all spells.
Okay, then.
Aiming: Throw Flame
Press: ? - help, Shift-Dir - straight line, f - ice devil
Aim: an ice devil (moderately wounded, 68% to hit)
The puff of flame hits the ice devil but does no damage.
The ice devil is moderately wounded.
The shadow hits you. The ice devil closely misses you.
You riposte.
You hit the ice devil but do no damage.
The ice devil is moderately wounded.
Aiming: Throw Flame
Press: ? - help, Shift-Dir - straight line, f/p - ice devil
Aim: an ice devil (moderately wounded, 68% to hit)
The puff of flame hits the ice devil but does no damage.
The ice devil is moderately wounded.
The shadow is no longer in an insane frenzy.
The shadow slips into darkness.
The shadow flickers and vanishes!
Deactivating autopickup; reactivate with Ctrl-A.
The ice devil hits you!
* * * LOW HITPOINT WARNING * * *
The ice devil freezes you!!
You die...
Xom giggles madly!

####### #..∩.. .....
.... ... #...# #.# #.#
...# ##4## #.# ...#
#.@.# #.# ...###+#{####
#.#.####..........<#
#.#.#..#.#######.###
#.#....#.# #.#
###.###.##.### ###.##
.....).......###....#
####.##...##..#..##.###
...##.#.............#


You could see an ice devil.

Vanquished Creatures
  Erolcha (D:10)
  A hydra (D:11)
  Erica (D:10)
  A two-headed ogre (D:6)
  A sea snake (D:8)
  An ugly thing (D:6)
  Joseph (D:10)
  2 kobold demonologists (D:11)
  A komodo dragon (D:9)
  2 unseen horrors
  An ice devil (D:11)
  3 trolls
  A hornet (D:9)
  3 wraiths
  Sigmund (D:3)
  3 wyverns (D:9)
  A steam dragon (D:9)
  2 basilisks (D:9)
  3 acid dragons
  Duvessa (D:5)
  A water moccasin (D:9)
  3 orc warriors
  2 sky beasts
  A swamp drake (D:9)
  3 necrophages
  3 ogres
  2 centaurs
  A phantom (D:7)
  6 kobold brigands
  3 bullfrogs
  Blork the orc (D:4)
  2 gnoll sergeants (D:8)
  A scorpion (D:4)
  Dowan (D:5)
  12 killer bees (D:9)
  8 wights
  3 howler monkeys
  4 centaur zombies
  3 orc priests
  3 bullfrog skeletons
  9 hounds
  4 jellies
  A centaur skeleton (D:5)
  3 iron imps (D:7)
  Natasha (twice) (D:2)
  An iguana (D:6)
  8 orc wizards
  A killer bee zombie (D:7)
  A hound skeleton (D:4)
  2 mummies (D:7)
  A howler monkey zombie (D:5)
  3 howler monkey skeletons
  20 gnolls
  5 adders
  2 shadow imps
  2 white imps
  2 worms
  5 dart slugs
  28 orcs
  2 bats
  3 endoplasms
  9 goblins
  4 hobgoblins
  2 jackals (D:8)
  4 quokkas
  A ball python (D:1)
  4 frilled lizards
  27 kobolds
  3 rats
253 creatures vanquished.

Vanquished Creatures (collateral kills)
  A wight (D:8)
  An adder (D:6)
  An orc (D:8)
3 creatures vanquished.

Vanquished Creatures (others)
  A plant (D:7)
  A withered plant (D:7)
2 creatures vanquished.

Grand Total: 258 creatures vanquished

Notes
Turn   | Place    | Note
-------+----------+-------------------------------------------
     0 | D:1      | Smaepdii the Djinni Venom Mage began the quest for the Orb.
     0 | D:1      | Reached XP level 1. HP: 15/15 MP: 0/0
   319 | D:1      | Reached XP level 2. HP: 21/22 MP: 0/0
  1234 | D:2      | Reached skill level 1 in Fighting
  1234 | D:2      | Reached XP level 3. HP: 17/27 MP: 0/0
  1234 | D:2      | Learned a level 1 spell: Sandblast
  1641 | D:2      | Reached XP level 4. HP: 10/32 MP: 0/0
  2620 | D:2      | Noticed Natasha
  2631 | D:2      | Killed Natasha
  2632 | D:2      | Reached skill level 1 in Short Blades
  2632 | D:2      | Reached XP level 5. HP: 27/38 MP: 0/0
  2632 | D:2      | Learned a level 2 spell: Corpse Rot
  2736 | D:2      | Noticed an ogre
  2768 | D:2      | Noticed Natasha
  2771 | D:2      | Killed an ogre
  2772 | D:2      | Reached XP level 6. HP: 27/43 MP: 0/0
  2778 | D:2      | Killed Natasha
  3031 | D:2      | Found a faded altar of an unknown god.
  3037 | D:2      | Became a worshipper of Xom of Chaos
  3243 | D:3      | Found a snail-covered altar of Cheibriados.
  3712 | D:3      | Noticed Sigmund
  3924 | D:3      | XOM: butterfly on damage
  4020 | D:3      | XOM: summons 1 hostile demon
  4191 | D:3      | XOM: summons 6 friendly demons
  4219 | D:3      | Killed Sigmund
  4220 | D:3      | Reached XP level 7. HP: 17/49 MP: 0/0
  4220 | D:3      | Learned a level 3 spell: Dazzling Flash
  4224 | D:3      | XOM: cloud trail
  4590 | D:4      | Identified a scroll of acquirement
  4590 | D:4      | Acquired the +6 great sword "Goblinbane" {vorpal, rPois
                  | Str-2 Int+6 Dex+3}
  4752 | D:4      | Reached skill level 1 in Long Blades
  4840 | D:4      | XOM: polymorph adder -> frilled lizard
  5098 | D:4      | XOM: give mutations
  5098 | D:4      | Gained mutation: You are frail. (-10% HP) [Xom's mischief]
  5098 | D:4      | Gained mutation: You sometimes lose the ability to read
                  | scrolls when taking damage. [Xom's mischief]
  5321 | D:4      | Noticed Blork the orc
  5327 | D:4      | Killed Blork the orc
  5328 | D:4      | Reached XP level 8. HP: 41/50 MP: 0/0
  5431 | D:4      | XOM: divination: magic mapping
  5569 | D:4      | Found a broken altar of Ashenzari.
  5569 | D:4      | XOM: god gift: amulet of the acrobat
  5630 | D:5      | Entered Level 5 of the Dungeon
  5774 | D:5      | Noticed Duvessa
  5774 | D:5      | Noticed Dowan
  5777 | D:5      | XOM: confuse monster(s)
  5788 | D:5      | Killed Dowan
  5794 | D:5      | Killed Duvessa
  6085 | D:5      | XOM: 4-stop teleportation journey
  6094 | D:5      | Reached skill level 5 in Spellcasting
  6204 | D:5      | Identified the ring "Ykaidoev" {EV+4 Str+5 Stlth+}
  6283 | D:5      | Reached skill level 5 in Dodging
  6384 | D:5      | XOM: summons 5 hostile demons
  6551 | D:5      | XOM: cloud trail
  6656 | D:6      | Found a large runed translucent door.
  6656 | D:6      | Found a large runed translucent door.
  6666 | D:6      | Noticed a two-headed ogre
  6678 | D:6      | XOM: confusion
  6684 | D:6      | Reached XP level 9. HP: 34/55 MP: 0/0
  6684 | D:6      | Learned a level 4 spell: Airstrike
  6685 | D:6      | XOM: summons friendly iron imp
  6692 | D:6      | XOM: butterfly on damage
  6693 | D:6      | Killed a two-headed ogre
  6694 | D:6      | Reached skill level 5 in Long Blades
  6906 | D:6      | XOM: summons 1 hostile demon
  7009 | D:6      | Found a large runed translucent door.
  7009 | D:6      | Found a large runed translucent door.
  7024 | D:6      | Identified the +6 great sword of Autumn {venom, Will+}
  7063 | D:6      | Noticed a purple ugly thing
  7067 | D:6      | Reached skill level 5 in Fighting
  7075 | D:6      | Killed a purple ugly thing
  7076 | D:6      | Reached XP level 10. HP: 57/63 MP: 0/0
  7637 | D:6      | Found a staircase to the Ecumenical Temple.
  7987 | D:7      | Found a burning altar of Makhleb.
  7987 | D:7      | XOM: 1-stop teleportation journey
  8564 | D:7      | Found a glowing golden altar of the Shining One.
  8842 | D:7      | Noticed an angel
  8843 | D:7      | Found a shimmering altar of Xom.
  8843 | D:7      | Found a glowing silver altar of Zin.
  8989 | D:7      | XOM: scenery: 1 doors close
  9036 | D:7      | XOM: summons 5 hostile demons
  9043 | D:7      | XOM: smoke on damage
  9045 | D:7      | HP: 3/64 [troll (6)]
  9046 | D:7      | XOM: confusion
  9318 | D:7      | XOM: silly message
  9388 | D:8      | Killed an unseen horror
  9416 | D:8      | Identified the +9 glaive of the King {antimagic, Str+4
                  | Int-3 SInv}
  9603 | D:8      | Noticed a two-headed ogre
  9612 | D:8      | Noticed a sea snake
  9612 | D:8      | a two-headed ogre changed into a sea snake
  9612 | D:8      | XOM: polymorph two-headed ogre -> sea snake
  9618 | D:8      | Killed a sea snake
  9619 | D:8      | Reached XP level 11. HP: 61/70 MP: 0/0
  9619 | D:8      | Learned a level 4 spell: Animate Dead
  9822 | D:8      | XOM: confuse monster(s)
  9833 | D:8      | XOM: 5-stop teleportation journey
 10108 | D:9      | Found an ornate altar of the Wu Jian Council.
 10130 | D:9      | Identified the ring of Okawaru's Supremacy {rElec rCorr
                  | Slay+4}
 10135 | D:9      | XOM: 2-stop teleportation journey
 10560 | D:9      | Found a staircase to the Lair.
 10769 | D:10     | Entered Level 10 of the Dungeon
 10820 | D:10     | Noticed Joseph
 10837 | D:10     | Killed Joseph
 10885 | D:10     | XOM: enchant monster (bad)
 10934 | D:10     | Noticed Erica
 10947 | D:10     | XOM: summons 11 friendly demons
 10952 | D:10     | Killed Erica
 11029 | D:10     | XOM: silly message
 11073 | D:10     | Found an iron altar of Okawaru.
 11154 | D:10     | Noticed Erolcha
 11167 | D:10     | XOM: butterfly on damage
 11168 | D:10     | Killed Erolcha
 11169 | D:10     | Reached XP level 12. HP: 37/76 MP: 0/0
 11413 | D:11     | XOM: summons friendly shadow imp
 11443 | D:11     | Noticed a seven-headed hydra
 11449 | D:11     | XOM: destruction
 11453 | D:11     | Killed a seven-headed hydra
 11489 | D:11     | XOM: cast spell 'Discord'
 11498 | D:11     | Found a frozen archway.
 11510 | D:11     | HP: 3/77 [ice devil (9)]
 11513 | D:11     | Demolished by an ice devil

Illustrated notes

Levels and vault maps discovered:
D:1:      dpeg_arrival_three_smaller_balls, layout_basic
D:2:      layout_loops_ring, shapermc_ecumenical_altar_notcrosses, uniq_natasha
D:3:      layout_loops_ring, kennysheep_slug_shrine, uniq_sigmund
D:4:      layout_basic, lemuel_tele_altar,
          mainiacjoe_overflow_concentric_impassable, uniq_blork_the_orc
D:5:      layout_rooms, uniq_duvessa
D:6:      layout_gridville, minmay_temple_entry_hall,
          minmay_hollow_rounded_squares
D:7:      layout_rooms, grunt_temple_overflow_order_and_chaos_1,
          tso_oasis_becter, demons_altar, serial_undead, serial_undead_d,
          serial_undead_d, serial_undead_e, serial_undead_a
D:8:      layout_cave_pools, serial_gnoll_camp, gnoll_camp_mini_loothouse,
          gnoll_camp_mini_hut, gnoll_camp_mini_hut, gnoll_camp_mini_doghouse,
          gnoll_camp_mini_hut
D:9:      layout_rooms, pdpol_wu_jian_five_deadly_venoms, erik_lair_dragon,
          kennysheep_generic_room_15
D:10:     layout_cave_pools, kennysheep_okawaru_gauntlet, uniq_erica,
          uniq_erolcha, uniq_joseph
D:11:     minmay_the_grid_plus [minmay_the_grid_gridbox,
          minmay_the_grid_stretched_grid, minmay_the_grid_broken_lines,
          minmay_the_grid_fan, minmay_the_grid_prize_trominoes], layout_basic,
          serial_shops, kennysheep_little_box, portal_ice_cave_demonic_guard,
          kennysheep_flooded_box

Skill      XL: |  1  2  3  4  5  6  7  8  9 10 11 12 |
---------------+-------------------------------------+-----
Fighting       | 1 2 3 4 5 6 7 |  7.8
Spellcasting   | 3 4 5 6 7 8 9 |  9.0
Short Blades   | 1 2 |  2.8
Dodging        | 3 4 5 6 7 8 |  8.8
Long Blades    | 2 4 5 7 9 |  9.4
Stealth        | |  1.5

Action                   |  1- 3 |  4- 6 |  7- 9 | 10-12 || total
-------------------------+-------+-------+-------+-------++-------
Melee: Dagger            |    36 |    30 |       |       ||    66
       Great sword       |       |       |   107 |   144 ||   251
 Cast: Sting             |    20 |    31 |    13 |       ||    64
       Poisonous Vapours |     7 |    38 |     9 |     2 ||    56
       Mephitic Cloud    |       |     4 |    11 |     2 ||    17
       Dazzling Flash    |       |       |     1 |       ||     1
       Airstrike         |       |       |     2 |   117 ||   119
       Olgreb's Toxic Ra |       |       |       |    33 ||    33
       Animate Dead      |       |       |       |     2 ||     2
       Corpse Rot        |       |       |       |     1 ||     1
Evoke: Wand              |       |       |       |     2 ||     2
  Use: Potion            |       |     2 |       |     8 ||    10
       Scroll            |       |       |     7 |     8 ||    15
 Stab: Sleeping          |     1 |       |     4 |     2 ||     7
       Confused          |       |     1 |     7 |       ||     8
       Distracted        |       |       |     1 |       ||     1
Armor: Robe              |     4 |     2 |       |       ||     6
       Leather armour    |       |     2 |    27 |       ||    29
       Acid dragon scale |       |       |     4 |    16 ||    20
       Troll leather arm |       |       |       |    37 ||    37
Dodge: Dodged            |    29 |    21 |   123 |   234 ||   407
       Rpst.: Great sword |       |       |    29 |    48 ||    77

Table legend: (Time is in decaauts)
 A = Elapsed time spent in this place.
 B = Non-inter-level travel time spent in this place.
 C = Inter-level travel time spent in this place.
 D = Time resting spent in this place.
 E = Time spent auto-exploring this place.
 F = Levels seen in this place.
 G = Mean time per level.
                   A        B        C        D        E       F      G
               +--------+--------+--------+--------+--------+-----+--------+
         Total |  11597 |  11388 |    209 |   3492 |   5856 |  11 | 1054.3 |
       Dungeon |  11597 |  11388 |    209 |   3492 |   5856 |  11 | 1054.3 |
               +--------+--------+--------+--------+--------+-----+--------+

Top non-repeatable levels by time:
     D:2: 2081 daAuts
     D:3: 1435 daAuts
     D:7: 1388 daAuts
     D:6: 1334 daAuts
     D:4: 1210 daAuts
     D:1: 997 daAuts
     D:5: 918 daAuts
     D:9: 755 daAuts
     D:8: 715 daAuts
    D:10: 570 daAuts
    D:11: 188 daAuts
